 Dungeon Crawl Stone Soup version 0.30-a0-187-gd9c2deaf24 (webtiles) character file.

Game seed: 12792283187752055984

227066 gabibbone the Crack Shot (level 19, -4/156 HPs)
             Began as a Barachi Hunter on Oct 3, 2022.
             Was a High Priest of Cheibriados.
             Slain by Lizxud the Cloud Mage
             ... wielding a staff of air
              (30 damage)
             ... in a wizard's laboratory.
             The game lasted 01:01:48 (36922 turns).

gabibbone the Crack Shot (Barachi Hunter)          Turns: 36922, Time: 01:01:49

Health: -4/156     AC: 33    Str: 28    XL:     19   Next: 37%
Magic:  2/26       EV: 23    Int: 30    God:    Cheibriados [*****.]
Gold:   2400       SH:  5    Dex: 33    Spells: 6/28 levels left

rFire   . . .      SeeInvis .    U - +0 longbow (vorpal)
rCold   + + .      Faith    .    (shield currently unavailable)
rNeg    . . .      Spirit   .    b - +3 chain mail {rC+}
rPois   .          Reflect  +    P - +2 helmet {Int+3}
rElec   .          Harm     .    A - +2 cloak
rCorr   .          Rampage  .    I - +2 pair of gloves
Will    +....                    M - +1 pair of boots
Stlth   ..........               J - amulet of reflection
HPRegen 0.46/turn                e - +4 ring of protection
MPRegen 0.20/turn                i - ring of protection from cold

@: silenced, studying Polearms, very slow
A: amphibious, slowness 1, strong legs 2, +LOS
}: 1/15 runes: barnacled
a: Hop, Renounce Religion


You were in a wizard's laboratory.
You worshipped Cheibriados.
Cheibriados was extremely pleased with you.
You visited 7 branches of the dungeon, and saw 31 of its levels.
You also visited: Ossuary, Ice Cave and Wizlab.

You collected 3784 gold pieces.
You spent 1384 gold pieces at shops.

Inventory:

Hand Weapons
 U - a +0 vorpal longbow (weapon)
 W - a +2 arbalest of freezing
Missiles
 f - 7 throwing nets
 o - 2 curare-tipped darts
Armour
 b - a +3 chain mail of cold resistance (worn)
 x - a +2 chain mail of poison resistance
 A - a +2 cloak (worn)
 D - a +0 pair of gloves of stealth
 I - a +2 pair of gloves (worn)
 M - a +1 pair of boots (worn)
 P - a +2 helmet of intelligence (worn)
Jewellery
 e - a +4 ring of protection (left hand)
 i - a ring of protection from cold (right hand)
 j - a ring of resist corrosion
 l - a ring of poison resistance
 n - a +6 ring of dexterity
 z - a ring of protection from fire
 J - an amulet of reflection (around neck)
 T - a ring of ice
 Y - a ring of magical power
Wands
 q - a wand of flame (67)
 w - a wand of charming (22)
 C - a wand of digging (13)
 K - a wand of iceblast (7)
 R - a wand of mindburst (9)
 X - a wand of polymorph (11)
Scrolls
 a - 9 scrolls of butterflies
 c - 5 scrolls of enchant armour
 d - 2 scrolls of silence
 g - 5 scrolls of enchant weapon
 m - 3 scrolls of blinking {!r}
 p - 5 scrolls of amnesia
 s - a scroll of summoning
 y - 3 scrolls of fear {!r}
 E - 9 scrolls of teleportation {!r}
 G - 4 scrolls of vulnerability
 H - 16 scrolls of identify
 L - 5 scrolls of poison
 Q - 2 scrolls of immolation
Potions
 h - 6 potions of flight
 r - 5 potions of magic
 u - 7 potions of attraction
 v - 5 potions of brilliance
 B - 4 potions of curing
 F - 3 potions of mutation
 S - 2 potions of ambrosia {!q}
 V - 4 potions of lignification
Miscellaneous
 N - a phantom mirror (inert)


   Skills:
 + Level 15.6 Fighting
 - Level 22.0 Ranged Weapons
 - Level 13.5 Armour
 - Level 14.0 Dodging
 - Level 0.8 Stealth
 - Level 5.0 Spellcasting
 + Level 9.0 Hexes
 - Level 10.0 Translocations
 + Level 6.1 Ice Magic
 + Level 5.6 Air Magic
 - Level 7.3 Invocations
 - Level 9.9 Evocations


You had 6 spell levels left.
You knew the following spells:

 Your Spells              Type           Power      Damage    Failure   Level
a - Portal Projectile     Hex/Tloc       100%       N/A       1%          3
b - Silence               Hex/Air        25%        N/A       28%         5
c - Dispersal             Tloc           30%        N/A       47%         6
d - Metabolic Englaciati  Hex/Ice        26%        N/A       26%         5
A - Apportation           Tloc           100%       N/A       1%          1
B - Blink                 Tloc           100%       N/A       1%          2

Your spell library contained the following spells:

 Spells                   Type           Power      Damage    Failure   Level
 Vhi's Electric Charge    Tloc/Air       100%       N/A       2%          3
 Manifold Assault         Tloc           61%        N/A       3%          4
 Ozocubu's Armour         Ice            44%        N/A       4%          3
 Dazzling Flash           Conj/Hex       68%        N/A       10%         3
 Foxfire                  Conj/Fire      28%        2x1d5     22%         1
 Necrotise                Necr           28%        1d5       22%         1
 Summon Small Mammal      Summ           28%        N/A       22%         1
 Call Imp                 Summ           7%         N/A       32%         2
 Leda's Liquefaction      Hex/Erth       17%        N/A       32%         4
 Call Canine Familiar     Summ           7%         N/A       54%         3
 Summon Lightning Spire   Summ/Air       24%        N/A       54%         4
 Olgreb's Toxic Radiance  Pois           7%         N/A       91%         4
 Petrify                  Tmut/Erth      7%         N/A       91%         4
 Agony                    Necr           7%         N/A       99%         5
 Fireball                 Conj/Fire      3%         3d4       99%         5
 Simulacrum               Ice/Necr       13%        N/A       100%        6
 Starburst                Conj/Fire      3%         6d3       100%        6
 Statue Form              Tmut/Erth      4%         N/A       100%        6
 Storm Form               Tmut/Air       12%        N/A       100%        7
 Disjunction              Tloc           30%        N/A       100%        8
 Maxwell's Capacitive Co  Air            20%        ∞         100%        8
 Summon Horrible Things   Summ           3%         N/A       100%        8


Dungeon Overview and Level Annotations

Branches:
Dungeon (15/15)            Temple (1/1) D:6            Lair (5/5) D:10
 Shoals (4/4) Lair:2        Snake (1/4) Lair:2        Slime (0/5) Lair:5
    Orc (2/2) D:12            Elf (0/3) Orc:2        Vaults (3/5) D:14
  Crypt (0/3) Vaults:3     Depths (0/4) D:15        Ossuary (visited)
  IceCv (visited)          WizLab (1/1)

Altars:
Cheibriados
Dithmenos
Fedhas
Gozag
Hepliaklqana
Kikubaaqudgha
Makhleb
Nemelex Xobeh
Okawaru
Qazlal
Ru
Sif Muna
Trog
Vehumet
Wu Jian
Xom
Yredelemnul
Zin
The Shining One
Jiyva

Shops:
D:1 [   D:5 (   D:9 :   Orc:2 !??(?   Shoals:2 *   Vaults:1 *

Annotations:
Lair:5 1 runed translucent door


Innate Abilities, Weirdness & Mutations

You are amphibious.
You cover ground slowly.
You can hop long distances.
You have an extended range of vision and can be seen from far away.


Message History

Aim: an apocalypse crab (white fluffiness, almost dead, 91% to hit)
You magically shoot an arrow.
The arrow hits the apocalypse crab but does no damage.
The apocalypse crab is almost dead.
Lizxud shimmers and vanishes!
Lizxud closely misses you. The apocalypse crab misses you.
The apocalypse crab claws you but does no damage.
Fire: U) +0 longbow (vorpal)
Press: ? - help, Q - select action, (/) - cycle Shift-Dir - straight line, f/p - apocalypse crab
Aim: an apocalypse crab (white fluffiness, almost dead, 91% to hit)
You magically shoot an arrow.
The arrow hits the apocalypse crab.
You kill the apocalypse crab!
Cheibriados appreciates the change of pace.
Lizxud completely misses you.
Fire: U) +0 longbow (vorpal)
Press: ? - help, Q - select action, (/) - cycle Shift-Dir - straight line, f - Lizxud
Aim: Lizxud the Cloud Mage, wielding a staff of air and wearing the +3 robe of Clouds {*Thunder rCloud rElec} (moderately wounded, surrounded by restless winds, 78% to hit)
You magically shoot an arrow.
The arrow hits Lizxud!
Lizxud is moderately wounded.
You are ready to hop once more.
Fire: U) +0 longbow (vorpal)
Press: ? - help, Q - select action, (/) - cycle Shift-Dir - straight line, f/p - Lizxud
Aim: Lizxud the Cloud Mage, wielding a staff of air and wearing the +3 robe of Clouds {*Thunder rCloud rElec} (moderately wounded, surrounded by restless winds, 78% to hit)
You magically shoot an arrow.
The arrow barely misses Lizxud.
Lizxud barely misses you.
Okay, then.
Okay, then.
Casting: Portal Projectile (safe; 1% risk of failure)
Confirm with . or Enter, or press ? or * to list all spells.
A profound silence engulfs you.
You are no longer teleporting projectiles to their destination.
Lizxud hits you but does no damage.
You are electrocuted!!
* * * LOW HITPOINT WARNING * * *
Fire: U) +0 longbow (vorpal)
Press: ? - help, Q - select action, (/) - cycle Shift-Dir - straight line, f/p - Lizxud
Aim: Lizxud the Cloud Mage, wielding a staff of air and wearing the +3 robe of Clouds {*Thunder rCloud rElec} (silenced, moderately wounded, surrounded by restless winds, 72% to hit)
You shoot an arrow. The arrow hits Lizxud!
Lizxud is heavily wounded.
Lizxud hits you but does no damage.
You are electrocuted!!
You die...

≈≈≈≈≈≈≈≈≈≈≈≈≈≈≈≈≈≈§≈≈≈§§§§§§~§≈≈≈
≈≈≈≈#############################
≈≈###............................
###...~~~≈≈~~≈~≈~~~≈≈~≈~~~~~~~≈~.
#...~~≈≈≈~≈####################≈~
..~~≈~≈≈≈### #################≈≈
.~≈≈~≈≈### ##§§#..#..#..#..##≈≈
.~≈≈≈≈## #§§§§............#≈≈
~~~≈≈≈# #§§@§§.......§§§.#≈≈
~≈†≈≈## #...@.......§§§§§#~~
~≈≈≈≈# ?.'...........§§§§.'..
~≈≈≈≈## .)!:.#...........§§§§.#~~
~≈≈≈≈≈# .[:. #§§§§§......§§§§.#≈≈
.~~≈≈≈##... #§§§§.......@§§§§#≈≈
.~~≈≈≈≈### ##§.#..#..#.§#§§##≈≈
..~~≈≈≈≈≈### #################≈≈
#...~≈~≈≈≈≈####### #~≈


You could see Lizxud the Cloud Mage (gusty).

Vanquished Creatures
  Rupert (Lair:5)
  Mlioglotl (Shoals:1)
  Gastronok (D:8)
  Polyphemus (Shoals:4)
  Frances (Shoals:2)
  Kirke (Lair:4)
  2 frost giants
  2 vault wardens
  A stone giant (D:15)
  3 ironbound preservers
  An orc warlord (Vaults:2)
  3 ironbound thunderhulks
  4 very ugly things (Vaults:2)
  4 spark wasps (WizLab)
  3 dire elephants (Vaults:2)
  2 merfolk impalers
  5 blizzard demons (WizLab)
  A fire dragon (Lair:5)
  An ettin (Orc:1)
  2 merfolk javelineers (Shoals:4)
  Fannar (D:10)
  3 great orbs of eyes
  3 yaktaur captains
  4 catoblepae
  7 hydras
  A vault guard (Vaults:2)
  Harold (Orc:1)
  A peacekeeper (Vaults:1)
  2 spriggan air magi (WizLab)
  2 anacondas (Snake:1)
  An ogre mage (Vaults:1)
  3 ironbound frosthearts
  10 centaur warriors
  3 ghost crabs (WizLab)
  4 boulder beetles
  12 two-headed ogres
  4 merfolk aquamancers
  4 tengu warriors
  9 death yaks
  4 merfolk avatars
  3 satyrs (Shoals:4)
  4 naga warriors (Snake:1)
  A naga sharpshooter (Snake:1)
  6 orc high priests (Orc:2)
  6 shock serpents
  3 salamander mystics (Snake:1)
  14 deep trolls
  2 death drakes (WizLab)
  2 wizards
  12 lindwurms
  5 sea snakes
  7 ironbound convokers
  A naga ritualist (Snake:1)
  14 orc knights
  32 harpies
  A necromancer (Vaults:1)
  A deep elf pyromancer (D:13)
  3 orc sorcerers
  An oklob plant (Lair:1)
  A wolf spider (D:15)
  12 fauns (Shoals:4)
  2 mana vipers (Snake:1)
  3 salamanders (Snake:1)
  18 ugly things
  10 elephants
  A tengu skeleton (Vaults:1)
  11 cyclopes
  7 manticores
  Maurice (D:12)
  3 water nymphs
  12 merfolk sirens
  13 black mambas
  6 apocalypse crabs (WizLab)
  3 naga magi (Snake:1)
  12 vault sentinels
  2 molten gargoyles (Lair:5)
  An ice statue (IceCv)
  2 gargoyles
  A guardian serpent (Snake:1)
  A human skeleton (Vaults:1)
  12 cane toads
  3 kobold demonologists
  10 rime drakes
  12 komodo dragons
  2 unseen horrors
  15 yaktaurs
  An efreet (D:15)
  A polar bear (shapeshifter) (D:14)
  11 merfolk
  8 trolls
  8 wind drakes
  9 polar bears
  A hornet (Lair:1)
  19 blink frogs
  Prince Ribbit (D:6)
  14 slime creatures
  8 dream sheep
  5 snapping turtles
  8 air elementals (WizLab)
  3 shadows
  12 water elementals
  10 wyverns
  2 wraiths
  A spriggan (Lair:4)
  4 hogs (Lair:4)
  8 basilisks
  69 yaks
  2 steam dragons (Lair:5)
  9 vampire mosquitoes
  Menkaure (D:7)
  15 nagas
  9 wargs
  4 acid dragons
  4 hell hounds (Lair:5)
  16 water moccasins
  36 orc warriors
  A black bear (Lair:4)
  2 ice beasts (D:7)
  3 ogres
  21 wolves
  14 centaurs
  5 kobold brigands
  11 bullfrogs
  A gnoll sergeant (D:10)
  An ogre simulacrum (Vaults:1)
  12 scorpions
  4 killer bees (D:10)
  14 electric eels
  5 howler monkeys
  5 lava snakes (Lair:5)
  2 centaur zombies (Ossuary)
  2 gnoll boudas
  2 hounds (D:4)
  2 human zombies (Ossuary)
  4 jellies
  36 orc priests
  Jessica (D:3)
  4 scorpion zombies (Ossuary)
  6 iguanas
  13 orc wizards
  3 mummies (Ossuary)
  Robin (D:2)
  26 gnolls
  9 adders
  An ufetubus (D:6)
  4 worms
  2 dart slugs
  82 orcs
  3 endoplasms
  2 giant cockroaches (D:2)
  13 goblins
  6 hobgoblins
  6 jackals
  6 quokkas
  7 ball pythons
  2 bats
  3 frilled lizards
  A gnoll zombie (Ossuary)
  3 goblin zombies (Ossuary)
  2 hobgoblin zombies (Ossuary)
  10 kobolds
  4 kobold zombies (Ossuary)
  2 orc zombies (Ossuary)
  4 rats
  A spectral goblin (D:2)
1086 creatures vanquished.

Vanquished Creatures (collateral kills)
  A blink frog (Lair:5)
  2 yaks (Lair:5)
3 creatures vanquished.

Vanquished Creatures (others)
  A harpy (Shoals:4)
  A wizard (Vaults:3)
  An apocalypse crab (WizLab)
  An air elemental (WizLab)
  A gnoll sergeant (D:8)
  An orc wizard (D:13)
  2 bushes (D:10)
  34 fungi
  242 plants
284 creatures vanquished.

Grand Total: 1373 creatures vanquished

Notes
Turn   | Place    | Note
-------+----------+-------------------------------------------
     0 | D:1      | gabibbone the Barachi Hunter began the quest for the Orb.
     0 | D:1      | Reached XP level 1. HP: 17/17 MP: 1/1
    65 | D:1      | You fall into a shaft and drop 1 floor!
   133 | D:1      | Reached XP level 2. HP: 23/23 MP: 2/2
   501 | D:1      | Found Akygi's Antique Armour Boutique.
   821 | D:2      | Reached skill level 5 in Ranged Weapons
   821 | D:2      | Reached XP level 3. HP: 28/28 MP: 3/3
  1117 | D:2      | Reached XP level 4. HP: 30/34 MP: 4/4
  1418 | D:2      | Noticed Robin
  1629 | D:2      | Found a faded altar of an unknown god.
  1884 | D:2      | Reached skill level 6 in Ranged Weapons
  1888 | D:2      | Reached XP level 5. HP: 39/39 MP: 5/5
  1914 | D:2      | Killed Robin
  2497 | D:3      | Noticed Jessica
  2500 | D:3      | Killed Jessica
  2717 | D:4      | Found a transporter.
  2718 | D:4      | Found a transporter.
  2738 | D:4      | Reached skill level 7 in Ranged Weapons
  2738 | D:4      | Reached XP level 6. HP: 23/46 MP: 6/6
  2919 | D:4      | Found an iron altar of Okawaru.
  3012 | D:4      | Reached skill level 8 in Ranged Weapons
  3093 | D:4      | Reached XP level 7. HP: 38/51 MP: 4/7
  3355 | D:5      | Entered Level 5 of the Dungeon
  3355 | D:5      | Found Oru Pue's Weapon Shop.
  3386 | D:5      | Found a sand-covered staircase.
  3394 | Ossuary  | Entered an ossuary
  3518 | Ossuary  | Reached skill level 9 in Ranged Weapons
  3716 | Ossuary  | Reached XP level 8. HP: 33/57 MP: 5/8
  3819 | Ossuary  | Reached skill level 10 in Ranged Weapons
  4360 | D:5      | Reached skill level 11 in Ranged Weapons
  5442 | D:6      | Reached XP level 9. HP: 36/62 MP: 6/9
  5537 | D:6      | Found a staircase to the Ecumenical Temple.
  5548 | Temple   | Entered the Ecumenical Temple
  5596 | Temple   | Became a worshipper of Cheibriados the Contemplative
  5840 | D:6      | Reached skill level 12 in Ranged Weapons
  6232 | D:6      | Found a sacrificial altar of Ru.
  6324 | D:6      | Noticed Prince Ribbit
  6337 | D:6      | Killed Prince Ribbit
  6648 | D:7      | Noticed Menkaure
  6659 | D:7      | Killed Menkaure
  6768 | D:7      | Reached skill level 13 in Ranged Weapons
  6800 | D:7      | Reached * piety under Cheibriados
  7086 | D:7      | Noticed a gargoyle
  7109 | D:7      | Killed a gargoyle
  7557 | D:7      | Reached skill level 14 in Ranged Weapons
  7758 | D:8      | Noticed Gastronok
  7864 | D:8      | Reached XP level 10. HP: 64/68 MP: 8/10
  7906 | D:8      | Reached ** piety under Cheibriados
  8275 | D:8      | Killed Gastronok
  8276 | D:8      | Reached skill level 15 in Ranged Weapons
  8911 | D:9      | Noticed a two-headed ogre
  8935 | D:9      | Killed a two-headed ogre
  9104 | D:9      | Found a shadowy altar of Dithmenos.
  9179 | D:9      | Noticed a two-headed ogre
  9189 | D:9      | Killed a two-headed ogre
  9190 | D:9      | Reached skill level 16 in Ranged Weapons
  9215 | D:9      | Reached *** piety under Cheibriados
  9332 | D:9      | Found Igocorhu's Book Shop.
  9343 | D:9      | Learned a level 3 spell: Portal Projectile
  9472 | D:10     | Entered Level 10 of the Dungeon
  9473 | D:10     | Found Peocsut's Antique Armour Boutique.
  9607 | D:10     | Reached XP level 11. HP: 73/73 MP: 11/11
  9730 | D:10     | Reached skill level 17 in Ranged Weapons
  9881 | D:10     | Found a staircase to the Lair.
 10083 | D:10     | Reached **** piety under Cheibriados
 10282 | D:10     | Noticed Fannar
 10298 | D:10     | Killed Fannar
 10452 | D:10     | Noticed a cyclops
 10452 | D:10     | Noticed a two-headed ogre
 10513 | Lair:1   | Entered Level 1 of the Lair of Beasts
 10513 | Lair:1   | Noticed an oklob plant
 10575 | Lair:1   | Killed an oklob plant
 10738 | Lair:1   | Reached skill level 18 in Ranged Weapons
 10762 | Lair:1   | Reached skill level 1 in Armour
 10909 | Lair:1   | Noticed an eight-headed hydra
 10918 | Lair:1   | Killed an eight-headed hydra
 10919 | Lair:1   | Reached XP level 12. HP: 85/85 MP: 12/12
 10921 | Lair:1   | Reached skill level 5 in Fighting
 11236 | D:1      | Bought a pair of glowing gloves for 157 gold pieces
 11589 | Lair:1   | Reached skill level 5 in Dodging
 11597 | Lair:1   | Reached skill level 5 in Armour
 11657 | Lair:1   | Noticed a boulder beetle
 11665 | Lair:1   | Killed a boulder beetle
 11720 | Lair:1   | Reached ***** piety under Cheibriados
 12202 | Lair:2   | Found a staircase to the Shoals.
 12389 | Lair:2   | Found a staircase to the Snake Pit.
 12402 | Lair:2   | Identified a scroll of acquirement
 12403 | Lair:2   | Acquired a manual of Ranged Weapons
 13251 | Lair:2   | Gained mutation: You can hop long distances. [Barachi
                  | growth]
 13251 | Lair:2   | Reached XP level 13. HP: 82/99 MP: 10/13
 13736 | Lair:3   | Reached ****** piety under Cheibriados
 13902 | Lair:3   | Learned a level 1 spell: Apportation
 14081 | Lair:3   | Reached skill level 10 in Fighting
 14442 | Lair:4   | Reached skill level 10 in Armour
 14507 | Lair:4   | Noticed Kirke
 14512 | Lair:4   | Noticed a sphinx
 14530 | Lair:4   | Killed Kirke
 14531 | Lair:4   | Reached skill level 10 in Dodging
 14577 | Lair:4   | Reached skill level 1 in Hexes
 14578 | Lair:4   | Reached skill level 1 in Translocations
 14578 | Lair:4   | Reached skill level 1 in Evocations
 14580 | Lair:4   | Reached skill level 1 in Spellcasting
 14587 | Lair:4   | Reached skill level 1 in Invocations
 15395 | Lair:5   | Entered Level 5 of the Lair of Beasts
 15589 | Lair:5   | Reached XP level 14. HP: 110/110 MP: 17/17
 15874 | Lair:5   | Found a runed translucent door.
 15874 | Lair:5   | Found a viscous altar of Jiyva.
 15874 | Lair:5   | Noticed an acid blob
 15875 | Lair:5   | Found a staircase to the Slime Pits.
 15875 | Lair:5   | Noticed an acid blob
 16037 | Lair:5   | Noticed Rupert
 16038 | Lair:5   | Paralysed by Rupert for 4 turns
 16052 | Lair:5   | Killed Rupert
 16832 | Lair:5   | Found a large runed translucent door.
 16832 | Lair:5   | Found a large runed translucent door.
 17390 | Lair:5   | Learned a level 2 spell: Blink
 17532 | D:11     | Reached skill level 5 in Translocations
 17536 | D:11     | Reached skill level 5 in Hexes
 17536 | D:11     | Reached skill level 5 in Evocations
 17582 | D:11     | Found a frozen archway.
 17590 | IceCv    | Entered an ice cave
 17728 | IceCv    | Reached skill level 5 in Spellcasting
 17795 | IceCv    | Noticed a frost giant
 17809 | IceCv    | Killed a frost giant
 17967 | IceCv    | Reached skill level 5 in Invocations
 18120 | IceCv    | Reached XP level 15. HP: 115/115 MP: 22/22
 18389 | D:11     | Found a burning altar of Makhleb.
 18389 | D:11     | Noticed a balrug
 19695 | D:12     | Found a staircase to the Orcish Mines.
 21095 | D:14     | Found a radiant altar of Vehumet.
 21225 | D:14     | Found a gate to the Vaults.
 21838 | D:15     | Entered Level 15 of the Dungeon
 22045 | Orc:1    | Entered Level 1 of the Orcish Mines
 22045 | Orc:1    | Noticed Maurice
 22074 | D:12     | Killed Maurice
 22203 | Orc:2    | Entered Level 2 of the Orcish Mines
 22477 | Orc:2    | Found Vuamahuc's Magic Scroll Emporium.
 22486 | Orc:2    | Bought a scroll of blinking for 105 gold pieces
 22486 | Orc:2    | Bought a scroll of teleportation for 42 gold pieces
 22928 | Orc:2    | Found a staircase to the Elven Halls.
 22952 | Orc:2    | Reached XP level 16. HP: 127/127 MP: 23/23
 23530 | Orc:2    | Found Gifokluibo's Antique Weapon Boutique.
 23532 | Orc:2    | Found Xatixeul's Magic Scroll Boutique.
 23532 | Orc:2    | Found Ihuetyan's Magic Scroll Shop.
 23533 | Orc:2    | Found Piklej's Distillery.
 23539 | Orc:2    | Bought a potion of lignification for 36 gold pieces
 23539 | Orc:2    | Bought a potion of curing for 36 gold pieces
 23539 | Orc:2    | Bought a potion of heal wounds for 60 gold pieces
 23540 | Orc:2    | Bought a scroll of poison for 44 gold pieces
 23542 | Orc:2    | Bought a scroll of fear for 48 gold pieces
 23542 | Orc:2    | Bought a scroll of teleportation for 36 gold pieces
 23819 | Orc:1    | You fall into a shaft and drop 1 floor!
 23850 | Orc:1    | Noticed Harold
 23861 | Orc:1    | Killed Harold
 24327 | D:15     | Found a staircase to the Depths.
 24670 | D:15     | Found a sacrificial altar of Ru.
 24897 | D:15     | Identified the +0 ring mail of Cips {rElec rF+ rC- Int+6}
 25698 | Shoals:1 | Entered Level 1 of the Shoals
 25974 | Shoals:1 | Learned a level 5 spell: Silence
 26090 | Shoals:2 | Reached skill level 19 in Ranged Weapons
 26479 | Shoals:2 | Found Iqofuysi's General Store.
 26512 | Shoals:2 | Bought a +2 helmet of intelligence for 430 gold pieces
 26679 | Shoals:2 | Noticed Frances
 26690 | Shoals:2 | Killed Frances
 27105 | Shoals:3 | Reached skill level 20 in Ranged Weapons
 27523 | Shoals:3 | Reached XP level 17. HP: 132/135 MP: 24/24
 27530 | Shoals:3 | Reached skill level 21 in Ranged Weapons
 27826 | Shoals:4 | Entered Level 4 of the Shoals
 28399 | Shoals:4 | Got a barnacled rune of Zot
 28432 | Shoals:4 | Noticed Polyphemus
 28447 | Shoals:4 | Killed Polyphemus
 28470 | Shoals:4 | Reached skill level 22 in Ranged Weapons
 28830 | Shoals:4 | Learned a level 6 spell: Dispersal
 28931 | Shoals:4 | Got the Omnibus of Blight and Illusion
 29291 | Shoals:1 | Noticed Mlioglotl
 29311 | Shoals:1 | Noticed a tentacled starspawn
 29311 | Shoals:1 | Noticed a lich
 29315 | Shoals:1 | Killed Mlioglotl
 29993 | Snake:1  | Entered Level 1 of the Snake Pit
 31509 | Vaults:1 | Entered Level 1 of the Vaults
 31601 | Vaults:1 | Found Ranuloq's General Store.
 31612 | Vaults:1 | Bought a scroll of teleportation for 60 gold pieces
 31612 | Vaults:1 | Bought a +2 cloak for 330 gold pieces
 31649 | Vaults:1 | Reached XP level 18. HP: 145/145 MP: 25/25
 32191 | Vaults:1 | You fall into a shaft and drop 1 floor!
 32364 | Vaults:2 | HP: 7/146 [vault warden/+3 vorpal war axe (6)]
 32828 | Vaults:2 | Learned a level 5 spell: Metabolic Englaciation
 33328 | Vaults:1 | Reached skill level 1 in Air Magic
 33330 | Vaults:1 | Reached skill level 1 in Ice Magic
 34682 | Vaults:2 | Reached skill level 10 in Translocations
 35070 | Vaults:2 | Reached skill level 15 in Fighting
 35078 | Vaults:2 | Reached XP level 19. HP: 135/155 MP: 26/26
 35444 | Vaults:3 | Found a magical portal.
 35451 | WizLab   | Entered The Chambers of the Cloud Mage
 35518 | WizLab   | Reached skill level 5 in Ice Magic
 35918 | WizLab   | Paralysed by an air elemental for 1 turns
 35966 | WizLab   | Paralysed by an air elemental for 1 turns
 35975 | WizLab   | Reached skill level 5 in Air Magic
 36118 | WizLab   | HP: 4/155 [spark wasp (15)]
 36441 | WizLab   | Paralysed by an air elemental for 1 turns
 36694 | WizLab   | Paralysed by an air elemental for 1 turns
 36889 | WizLab   | Paralysed by an air elemental for 1 turns
 36891 | WizLab   | Noticed Lizxud
 36895 | WizLab   | Paralysed by an air elemental for 1 turns
 36922 | WizLab   | Slain by Lizxud the Cloud Mage

Illustrated notes

Levels and vault maps discovered:
D:1:      amcnicky_arrival_abandoned_market, layout_basic, serial_shops, shop,
          minmay_bisected
D:2:      layout_basic, dreamdust_ecumenical_altar_drowned_temple, uniq_robin
D:3:      layout_loops_ring, kennysheep_nondescript, grunt_decor_junction,
          uniq_jessica
D:4:      gammafunk_steamed_eel, layout_rooms, kennysheep_okawaru_gauntlet,
          minmay_diced_spiral
D:5:      layout_layer_cave, nicolae_ossuary_entry_monument, serial_shops,
          nicolae_stop_n_shop_1
D:6:      layout_loops_corners, mainiacjoe_overflow_surrounded_room,
          temple_hall, serial_bayou_lake_a, uniq_prince_ribbit1
D:7:      layout_basic, minmay_liquid_box, minmay_microvault, uniq_menkaure
D:8:      layout_basic, uniq_gastronok
D:9:      layout_gridville, nicolae_dithmenos_the_darkroom, serial_shops, shop
D:10:     layout_gridville, minmay_lair_entry_grove, serial_shops,
          nicolae_shop_statue_plus, grunt_potential, uniq_fannar
D:11:     layout_basic, portal_ice_cave_entry_pillars_1,
          makhleb_altar_promises_db
D:12:     layout_long_grid, orc_0_dummy
D:13:     layout_basic, serial_bayou, serial_bayou_pond_e, serial_bayou_pond_e,
          serial_bayou_crossing, serial_bayou_lagoon_a
D:14:     layout_basic, vehumet_crystals
D:15:     grunt_enter_depths_snipers, layout_grid_maze,
          nicolae_concentric_dashed_squares_wild,
          nicolae_ru_sacrificial_ziggurat
Temple:   nicolae_temple_bog_church
Lair:1:   layout_regular_city, st_stairs_5, dpeg_stationary_puzzle,
          grunt_megastairs_1
Lair:2:   layout_regular_city, elwin_shoals_entry_stream,
          minmay_snake_entry_guardpost_small, chequers_serial_rivers_micro_b,
          serial_bayou_lagoon_b, serial_bayou_shore_a
Lair:3:   nzn_winding_woodlands_small [nzn_winding_woodlands_5x15_sawtooth,
          nzn_winding_woodlands_center_lodge,
          nzn_winding_woodlands_5x15_crooked], layout_cave_shapes,
          grunt_megastairs_3
Lair:4:   beast_lair_carwin_large_2, layout_gridlike,
          grunt_forest_stairs_clearing, serial_bayou_shore_b, uniq_kirke
Lair:5:   cheibrodos_lair_end_hotspot, layout_misc_corridors, slime_entry_2,
          uniq_rupert
Shoals:1: layout_shoals, uniq_mlioglotl
Shoals:2: layout_shoals, serial_shops, shop, uniq_frances
Shoals:3: layout_shoals
Shoals:4: shoals_end_grunt_garden, layout_shoals, uniq_polyphemus
Snake:1:  layout_chambers
Orc:1:    layout_caves, nicolae_orc_bridge_out, nicolae_orc_rockfall,
          uniq_maurice, uniq_harold
Orc:2:    st_orc_pillars, layout_diamond_mine, serial_shops,
          nicolae_shop_advertising_works [nicolae_subvault_shop_adworks],
          mines5_lemuel
Vaults:1: hangedman_vaults_corner, v_misc_24, ontoclasm_vaults_twist,
          nicolae_vaults_little_squares_4, vaults_mumra_hex, v_pattern_1,
          nicolae_vaults_big_angled_halls, nicolae_vaults_little_ls,
          grunt_vaults_funnel, nicolae_vaults_angled_halls,
          nicolae_vaults_mini_display_case, v_misc_11, layout_vaults_omnicross,
          serial_shops, shop
Vaults:2: vaults_room_semicircle, v_misc_4, ontoclasm_vaults_decontamination,
          ontoclasm_vaults_hangar, hangedman_vaults_capsules,
          nicolae_vaults_inception_scallops, nicolae_vaults_specimen_jars,
          vaults_dpeg_encased_lava, vaults_room_fancy_cross,
          nicolae_vaults_know_your_exits, vaults_dpeg_emergency_exit,
          nicolae_vaults_gold_heap, layout_vaults_ring
Vaults:3: infiniplex_enter_wizlab_spiral, minmay_crypt_entry_simple_corners,
          ontoclasm_vaults_fault, v_misc_4, nicolae_vaults_network_barrier,
          ontoclasm_vaults_loading_screen, nicolae_vaults_network_quinsquares
          [nicolae_vaults_network_quincunx_subvault,
          nicolae_vaults_network_quincunx_subvault,
          nicolae_vaults_network_quincunx_subvault,
          nicolae_vaults_network_quincunx_subvault], vaults_dpeg_hooks,
          vaults_room_stairs_pillars, layout_vaults_quadrants, serial_shops,
          shop
WizLab:   wizlab_cloud

Skill      XL: |  1  2  3  4  5  6  7  8  9 10 11 12 13 14 15 16 17 18 19 |
---------------+----------------------------------------------------------+-----
Ranged Weapons | 5 6 7 8 9 11 14 16 18 20 22 | 22.0
Fighting       | 4 8 10 11 12 13 15 | 15.6
Armour         | 4 8 10 11 12 13 | 13.5
Dodging        | 4 7 10 11 12 13 14 | 14.0
Hexes          | 2 6 7 9 |  9.0
Translocations | 2 6 8 10 | 10.0
Evocations     | 2 6 9 |  9.9
Spellcasting   | 2 5 |  5.0
Invocations    | 2 5 6 7 |  7.3
Air Magic      | 3 5 |  5.6
Ice Magic      | 4 6 |  6.1
Stealth        | |  0.8

Action                   |  1- 3 |  4- 6 |  7- 9 | 10-12 | 13-15 | 16-18 | 19-21 || total
-------------------------+-------+-------+-------+-------+-------+-------+-------++-------
 Fire: Shortbow          |    73 |   188 |   445 |   121 |       |       |       ||   827
       Arbalest          |       |       |       |   331 |  1104 |   159 |       ||  1594
       Longbow           |       |       |       |       |       |  1341 |   188 ||  1529
 Cast: Portal Projectile |       |       |       |       |    10 |    11 |     1 ||    22
       Apportation       |       |       |       |       |       |     1 |       ||     1
       Silence           |       |       |       |       |       |       |     1 ||     1
Invok: Slouch            |       |       |       |     1 |     1 |     5 |     7 ||    14
       Bend Time         |       |       |       |       |     1 |     1 |       ||     2
       Step From Time    |       |       |       |       |       |     1 |       ||     1
 Abil: Hop               |     1 |     1 |     4 |     7 |    14 |    13 |     2 ||    42
Evoke: Wand              |       |     4 |     5 |     2 |     3 |     2 |     5 ||    21
       Phantom mirror    |       |       |       |       |       |       |     1 ||     1
  Use: Potion            |     3 |     5 |     3 |     3 |     3 |    10 |     8 ||    35
       Scroll            |       |     1 |    13 |    11 |     9 |     7 |     2 ||    43
Armor: Leather armour    |    10 |    29 |    46 |    29 |    42 |       |       ||   156
       Steam dragon scal |       |       |       |       |    60 |       |       ||    60
       Acid dragon scale |       |       |       |       |    51 |   112 |       ||   163
       Chain mail        |       |       |       |       |       |    22 |    63 ||    85
Dodge: Dodged            |    36 |    69 |   109 |   129 |   709 |   615 |   170 ||  1837
Block: Other             |       |       |       |       |   114 |   134 |    24 ||   272
       Reflection        |       |       |       |       |    13 |    19 |     1 ||    33

Table legend: (Time is in decaauts)
 A = Elapsed time spent in this place.
 B = Non-inter-level travel time spent in this place.
 C = Inter-level travel time spent in this place.
 D = Time resting spent in this place.
 E = Time spent auto-exploring this place.
 F = Levels seen in this place.
 G = Mean time per level.
                   A        B        C        D        E       F      G
               +--------+--------+--------+--------+--------+-----+--------+
         Total |  59115 |  53823 |   5292 |   4374 |  41882 |  34 | 1738.7 |
       Dungeon |  24282 |  21330 |   2952 |   1161 |  17426 |  15 | 1618.8 |
        Temple |     79 |     59 |     20 |      0 |     38 |   1 |   79.0 |
          Lair |  11050 |  10121 |    929 |    763 |   8086 |   5 | 2210.0 |
        Shoals |   7271 |   6909 |    362 |    314 |   5815 |   4 | 1817.8 |
     Snake Pit |   2591 |   2460 |    131 |      0 |   2265 |   1 | 2591.0 |
  Orcish Mines |   3754 |   3340 |    414 |    266 |   2600 |   2 | 1877.0 |
        Vaults |   6302 |   5821 |    481 |    741 |   3927 |   3 | 2100.7 |
       Ossuary |    964 |    964 |      0 |    212 |    418 |   1 |  964.0 |
      Ice Cave |   1188 |   1188 |      0 |      0 |    822 |   1 | 1188.0 |
        Wizlab |   1631 |   1631 |      0 |    917 |    480 |   1 | 1631.0 |
               +--------+--------+--------+--------+--------+-----+--------+

Top non-repeatable levels by time:
Vaults:2: 3443 daAuts
    D:15: 3098 daAuts
Vaults:1: 2717 daAuts
  Lair:4: 2693 daAuts
 Snake:1: 2591 daAuts
  Lair:5: 2558 daAuts
   Orc:2: 2481 daAuts
    D:10: 2421 daAuts
  Lair:2: 2316 daAuts
    D:14: 2091 daAuts
    D:13: 1991 daAuts
Shoals:3: 1868 daAuts
Shoals:1: 1841 daAuts
Shoals:4: 1795 daAuts
  Lair:1: 1789 daAuts
